 Dungeon Crawl Stone Soup version 0.25.1-2-g60ff931df9 (webtiles) character file.

Game seed: 11054095810849893808

32 Snicker the Chiller (level 3, 0/19 HPs)
             Began as a Deep Elf Ice Elementalist on Oct 27, 2020.
             Slain by an adder (2 damage)
             ... on level 2 of the Dungeon.
             The game lasted 00:03:16 (1176 turns).

Snicker the Chiller (Deep Elf Ice Elementalist)     Turns: 1176, Time: 00:03:16

Health: 0/19       AC:  2    Str:  5    XL:     3   Next: 8%
Magic:  0/9        EV: 13    Int: 20    God:
Gold:   32         SH:  0    Dex: 15    Spells: 7/8 levels left

rFire    . . .     SeeInvis .   h - -1 dagger (curse)
rCold    . . .     Gourm    .   (no shield)
rNeg     . . .     Faith    .   a - +0 robe
rPois    .         Spirit   .   (no helmet)
rElec    .         Reflect  .   (no cloak)
rCorr    .         Harm     .   (no gloves)
MR       .....     Rnd*Tele +   (no boots)
Stlth    ++........             (no amulet)
HPRegen  0.06/turn              e - ring of teleportation (curse)
MPRegen  0.11/turn              (no ring)

@: very slightly contaminated
A: no striking features
a: no special abilities


You were on level 2 of the Dungeon.
You were hungry.

You visited 1 branch of the dungeon, and saw 2 of its levels.

You collected 32 gold pieces.

Inventory:

Hand Weapons
 d - a +0 vorpal mace
 h - a cursed -1 dagger (weapon)
Armour
 a - a +0 robe (worn)
Jewellery
 e - a cursed ring of teleportation (left hand)
Scrolls
 b - a scroll of amnesia {unknown}
 j - a scroll of random uselessness {unknown}
 k - a scroll of remove curse {unknown}
Potions
 f - 3 potions of ambrosia {unknown}
 i - a potion of degeneration {unknown}
 l - a potion of might {unknown}
Comestibles
 c - 2 rations


   Skills:
 + Level 0.1 Fighting
 + Level 0.2 Short Blades
 + Level 2.7 Dodging
 + Level 3.0 Stealth
 * Level 3.2 Spellcasting
 * Level 5.0 Ice Magic


You had 7 spell levels left.
You knew the following spells:

 Your Spells              Type           Power        Failure   Level  Hunger
a - Freeze                Ice            ###.         1%          1    None

Your spell library contained the following spells:

 Spells                   Type           Power        Failure   Level  Hunger
 Frozen Ramparts          Ice            ###...       5%          3    ###....
 Ozocubu's Armour         Chrm/Ice       ##......     16%         3    ###....
 Hailstorm                Conj/Ice       ##......     45%         4    ####...
 Summon Ice Beast         Ice/Summ       ##......     45%         4    ####...


Dungeon Overview and Level Annotations

Branches:
Dungeon (2/15)

Altars:


Message History

A hobgoblin comes into view. It is wielding a +0 club.
You stumble into a teleport trap!
You are suddenly yanked towards some nearby monsters!
Your surroundings suddenly seem different.
The hobgoblin moves out of view.
An adder and 2 goblins come into view.
The helpless adder fails to defend itself.
You puncture the adder!
The adder is almost dead.
The adder bites you.
* * * LOW HITPOINT WARNING * * *
Casting: Freeze (safe; 1% risk of failure)
Confirm with . or Enter, or press ? or * to list all spells.
Aiming: Freeze (safe; 1% risk of failure)
Press: ? - help, Shift-Dir - straight line, f - adder
Aim: an adder (almost dead)
You miscast Freeze.
Nothing appears to happen.
The goblin shouts! x2
The adder bites you.
You die...

#...#.#..... ...l#..#.#.#
#..g##...#. ..#.# .....
.##†##....# .....#?...# .
.........##♣#♣#♣#♣###....
#(†.....## #.........g...
..).....# ♣.♣.♣@♣.####.#
..#.)...# #...S..##
.##..#....#♣.♣.♣.♣#
.#...##.... ..g... ......
....♣#♣ ♣.♣ ....... ...
..# ........ .. ###
........ .


You could see an adder and 2 goblins.

Vanquished Creatures
  A worm (D:2)
  A dart slug (D:1)
  2 giant cockroaches
  4 goblins
  6 hobgoblins
  A jackal (D:2)
  4 bats (D:1)
  2 frilled lizards (D:1)
  2 kobolds
  2 rats
25 creatures vanquished.

Notes
Turn   | Place    | Note
-------+----------+-------------------------------------------
     0 | D:1      | Snicker the Deep Elf Ice Elementalist began the quest for
                  | the Orb.
     0 | D:1      | Reached XP level 1. HP: 10/10 MP: 6/6
   309 | D:1      | Reached XP level 2. HP: 15/15 MP: 8/8
  1130 | D:2      | Reached skill level 5 in Ice Magic
  1155 | D:2      | Reached XP level 3. HP: 9/19 MP: 4/9
  1176 | D:2      | Slain by an adder

Illustrated notes

Levels and vault maps discovered:
D:1:      roderic_dead_forest, layout_loops_ring
D:2:      layout_rooms, serial_forest, infiniplex_forest_lined_room_2,
          infiniplex_forest_clump_long, infiniplex_forest_corner_1,
          infiniplex_forest_lined_2, infiniplex_forest_end_3,
          infiniplex_forest_end_2, st_stairs_8

Skill      XL: |  1  2 |
---------------+-------+-----
Ice Magic      | 5 |  5.0
Stealth        | 3 |  3.0
Fighting       | |  0.1
Short Blades   | |  0.2
Dodging        | |  2.7
Spellcasting   | |  3.2

Action                   || total
-------------------------++-------
Melee: Mace              ||     9
       Dagger            ||    19
 Cast: Freeze            ||    24
  Use: Scroll            ||     1
 Stab: Sleeping          ||     7
Armor: Robe              ||    12
Dodge: Dodged            ||    33
